 Dungeon Crawl Stone Soup version 0.32-a0-899-geb5ba95c15 (webtiles) character file.

Game seed: 9417900211819160691

490 Ajdolov the Trooper (level 6, -1/56 HPs)
             Began as an Armataur Monk on Apr 5, 2024.
             Slain by a bombardier beetle (3 damage)
             ... on level 5 of the Dungeon.
             The game lasted 00:05:56 (3797 turns).

Ajdolov the Trooper (Armataur Monk)                 Turns: 3797, Time: 00:05:57

Health: -1/56      AC:  6    Str: 18    XL:     6   Next: 90%
Magic:  6/6        EV:  8    Int: 10    God:
Gold:   224        SH:  0    Dex: 13    Spells: 5/5 levels left

rFire   . . .        a - +0 mace
rCold   . . .        d - orb {light}
rNeg    . . .        x - +0 ring mail
rPois   .            v - +0 helmet
rElec   .            (no cloak)
rCorr   +            (no gloves)
SInv    .            (no barding)
Will    .....        (no amulet)
Stlth   +            r - ring of flight
HPRegen 0.29/turn    t - ring of resist corrosion
MPRegen 0.10/turn

%: roll
@: lethally poisoned (-1 -> -2), on fire, flying, glowing
A: large, deformed body, tough skin 3, armoured tail, rollpage 1
a: no special abilities


You were on level 5 of the Dungeon.
You visited 1 branch of the dungeon, and saw 5 of its levels.
You also visited: Ossuary.

You collected 224 gold pieces.

Inventory:

Hand Weapons
 a - a +0 mace (weapon)
Missiles
 w - 2 boomerangs (quivered)
 y - a throwing net
Armour
 d - an orb of light (worn)
 v - a +0 helmet (worn)
 x - a +0 ring mail (worn)
Jewellery
 r - a ring of flight (left hand)
 t - a ring of resist corrosion (right hand)
Wands
 z - a wand of roots (6)
Scrolls
 e - 3 scrolls of identify {unknown}
 f - a scroll of enchant armour {unknown}
 g - a scroll of fear {unknown}
 i - a scroll of revelation {unknown}
 j - a scroll of teleportation {unknown}
 k - 3 scrolls of poison {unknown}
 l - 3 scrolls of blinking {unknown}
 o - 4 scrolls of vulnerability {unknown}
 A - a scroll of enchant weapon {unknown}
Potions
 b - a potion of cancellation {unknown}
 c - a potion of ambrosia
 h - 3 potions of curing {unknown}
 m - a potion of invisibility {unknown}
 n - 2 potions of attraction {unknown}
 p - a potion of might {unknown}
 q - a potion of lignification {unknown}
 s - a potion of heal wounds {unknown}
 u - a potion of haste {unknown}


   Skills:
 + Level 5.4 Fighting
 + Level 5.4 Maces & Flails
 - Level 2.1 Dodging


You had 5 spell levels left.
You didn't know any spells.
Your spell library contained the following spells:

 Spells                   Type           Power      Damage    Failure   Level
 Call Imp                 Summ           0%         N/A       71%         2
 Sublimation of Blood     Necr           0%         N/A       71%         2
 Summon Hydra             Summ           0%         N/A       100%        7


Dungeon Overview and Level Annotations

Branches:
Dungeon (5/15)            Ossuary (visited)
 Temple: D:4-7

Altars:
Ashenzari
Dithmenos
Fedhas
Hepliaklqana
Ru
Trog
Uskayaw
Wu Jian
Xom
Zin

Shops:
D:4 (

Annotations:
D:5 Grinder


Innate Abilities, Weirdness & Mutations

Armour fits poorly on your strangely shaped body.
You have extremely tough skin. (AC +3)
You have a long armoured tail.
You regenerate magic when rolling toward enemies. (Rampage MPRegen)


Message History

The liquid fire burns you!
You feel sick.
The lemure shouts!
You hear a shout!
The bombardier beetle sprays incendiary fluid at you.
The burning spray hits you.
You are even more covered in liquid fire!
A lemure comes into view.
You shake off some of the fire as you move.
The liquid fire burns you!
You feel sick.
The lemure shouts!
You hit the bombardier beetle but do no damage.
The liquid fire burns you!
You feel sick.
A lemure comes into view.
The bombardier beetle sprays incendiary fluid at you.
The burning spray hits you.
You are even more covered in liquid fire!
The lemure shouts!
You hit the bombardier beetle.
The bombardier beetle is lightly wounded.
The liquid fire burns you!
* * * LOW HITPOINT WARNING * * *
You feel sick.
You hear a shout!
The bombardier beetle bites you but does no damage.
You completely miss the bombardier beetle.
The bombardier beetle is lightly wounded.
The liquid fire burns you!
* * * LOW HITPOINT WARNING * * *
You feel sick. The howler monkey hits you.
* * * LOW HITPOINT WARNING * * *
A lemure comes into view.
Grinder comes into view.
You shake off some of the fire as you move.
The liquid fire burns you!
* * * LOW HITPOINT WARNING * * *
x2 You feel sick.
The howler monkey attacks as it pursues you!
The howler monkey barely misses you. The bombardier beetle bites you.
You die...

.................#..(......
..#........>.....#.........
..#........................
............#..............
......#. ...#..............
#....# #...........#.#..
..... #..........##.#...
... ..................
#....@..†....##.
#....Bh.......#
#..#...5..#..##
#...###...#...# #... .5..#
.... ..... ...5...... ....
........... .... .......##
##5.5.


You could see 3 lemures, a howler monkey and a bombardier beetle.

Vanquished Creatures
  2 scorpions (D:5)
  A bombardier beetle (D:3)
  An orc priest (D:4)
  Jessica (D:3)
  Natasha (thrice) (D:2)
  An orc wizard (D:5)
  A mummy (D:4)
  4 gnolls (D:4)
  4 adders
  A dart slug (D:1)
  2 ribbon worms
  2 orcs
  5 bats
  6 endoplasms
  4 giant cockroaches
  A gnoll zombie (Ossuary)
  9 goblins
  6 hobgoblins
  10 jackals
  6 quokkas
  5 ball pythons
  3 frilled lizards
  A hobgoblin zombie (Ossuary)
  5 kobolds (D:1)
  2 kobold zombies (Ossuary)
  3 orc zombies (Ossuary)
  2 rats (D:3)
91 creatures vanquished.

Notes
Turn   | Place    | Note
-------+----------+-------------------------------------------
     0 | D:1      | Ajdolov the Armataur Monk began the quest for the Orb.
     0 | D:1      | Reached XP level 1. HP: 18/18 MP: 1/1
   229 | D:1      | Reached XP level 2. HP: 26/26 MP: 2/2
   698 | D:2      | Reached XP level 3. HP: 31/31 MP: 3/3
   699 | D:2      | Noticed Natasha
   703 | D:2      | Killed Natasha
   787 | D:2      | Noticed Natasha
   795 | D:2      | Killed Natasha
   796 | D:2      | Reached XP level 4. HP: 22/40 MP: 4/4
   896 | D:2      | You are sucked into a shaft and drop 2 floors!
   896 | D:4      | Found an ornate altar of the Wu Jian Council.
   896 | D:4      | Found a blossoming altar of Fedhas.
   896 | D:4      | Found a sacrificial altar of Ru.
   898 | D:4      | Found a shimmering altar of Xom.
   900 | D:4      | Found a bloodstained altar of Trog.
   913 | D:4      | Found a broken altar of Ashenzari.
   984 | D:4      | Found a glowing silver altar of Zin.
  1000 | D:4      | Found a sand-covered staircase.
  1048 | Ossuary  | Entered an ossuary
  1456 | D:2      | Noticed Natasha
  1467 | D:2      | Killed Natasha
  1468 | D:2      | Reached XP level 5. HP: 30/46 MP: 5/5
  1596 | D:2      | Found a hazy altar of Hepliaklqana.
  1954 | D:2      | Found a faded altar of an unknown god.
  2161 | D:3      | Noticed Jessica
  2184 | D:3      | Killed Jessica
  2276 | D:3      | Found a shadowy altar of Dithmenos.
  2597 | D:3      | Reached XP level 6. HP: 53/53 MP: 6/6
  2952 | D:4      | Found a hide-covered altar of Uskayaw.
  3295 | D:4      | Found Ciutojir's Weapon Shop.
  3379 | D:5      | Entered Level 5 of the Dungeon
  3397 | D:4      | Reached skill level 5 in Fighting
  3397 | D:4      | Reached skill level 5 in Maces & Flails
  3796 | D:5      | Noticed Grinder
  3797 | D:5      | HP: 2/56 [poisoned by a scorpion]
  3797 | D:5      | Slain by a bombardier beetle

Illustrated notes

Levels and vault maps discovered:
D:1:      amcnicky_arrival_choice, layout_loops_ring, minmay_misc_feat_chi,
          minmay_pentomino_q4
D:2:      layout_rooms, dilly_ecumenical_altar_fadedgnrine, basic_altar,
          uniq_natasha
D:3:      layout_basic, grunt_dithmenos_smoke, uniq_jessica
D:4:      layout_loops_cross, nicolae_overflow_hallway_of_the_gods, zin_academy,
          kennysheep_mini, gup_ossuary_entry_pyramid, serial_shops,
          nicolae_shop_tiny_real_fake_doors
D:5:      layout_cave_pools, nicolae_overflow_crystal_walls,
          portal_sewer_entry_c, uniq_grinder, uniq_pikel, uniq_sigmund

Skill      XL: |  1  2  3  4  5  6 |
---------------+-------------------+-----
Fighting       | 3 4 5 |  5.4
Maces & Flails | 3 4 5 |  5.4
Dodging        | |  2.1

Action                     |  1- 3 |  4- 6 || total
---------------------------+-------+-------++-------
  Melee: Mace              |    63 |   171 ||   234
         Tailslap          |     7 |    32 ||    39
 Armour: Robe              |    19 |       ||    19
         Leather armour    |    20 |    96 ||   116
         Ring mail         |       |    70 ||    70
  Dodge: Dodged            |    28 |    87 ||   115

Table legend: (Time is in decaauts)
 A = Elapsed time spent in this place.
 B = Non-inter-level travel time spent in this place.
 C = Inter-level travel time spent in this place.
 D = Time resting spent in this place.
 E = Time spent auto-exploring this place.
 F = Levels seen in this place.
 G = Mean time per level.
                   A        B        C        D        E       F      G
               +--------+--------+--------+--------+--------+-----+--------+
         Total |   3847 |   3732 |    115 |    281 |   2582 |   6 |  641.2 |
       Dungeon |   3798 |   3683 |    115 |    281 |   2582 |   5 |  759.6 |
       Ossuary |     48 |     48 |      0 |      0 |      0 |   1 |   48.0 |
               +--------+--------+--------+--------+--------+-----+--------+

Top non-repeatable levels by time:
     D:3: 1031 daAuts
     D:4: 980 daAuts
     D:2: 787 daAuts
     D:1: 704 daAuts
     D:5: 293 daAuts
 Ossuary: 48 daAuts
